 Dungeon Crawl Stone Soup version 0.28-a0-503-g83f2989fac (webtiles) character file.

Game seed: 1794871572056819423

96 Umoon the Poker (level 4, -8/55 HPs)
             Began as a Merfolk Fighter on Sept 21, 2021.
             Succumbed to a kobold's poison
             ... on level 3 of the Dungeon.
             The game lasted 00:02:31 (2148 turns).

Umoon the Poker (Merfolk Fighter)                   Turns: 2148, Time: 00:02:32

Health: -8/55      AC: 12    Str: 17    XL:     4   Next: 67%
Magic:  4/4        EV:  6    Int:  7    God:
Gold:   90         SH:  5    Dex: 13    Spells: 3/3 levels left

rFire   . . .      SeeInvis .   a - +0 trident
rCold   . . .      Faith    .   c - +0 buckler
rNeg    . . .      Spirit   .   e - +0 chain mail
rPois   .          Reflect  .   k - +2 hat
rElec   .          Harm     .   (no cloak)
rCorr   .          Rampage  .   l - +0 pair of gloves
Will    .....                   (no boots)
Stlth   ..........              (no amulet)
HPRegen 0.18/turn               (no ring)
MPRegen 0.09/turn               (no ring)

@: berserking, lethally poisoned (-8 -> -42), slowed
A: (nimble swimmer 2), mertail
a: no special abilities


You were on level 3 of the Dungeon.
You visited 1 branch of the dungeon, and saw 3 of its levels.

You collected 90 gold pieces.

Inventory:

Hand Weapons
 a - a +0 trident (weapon)
Armour
 b - a +0 scale mail
 c - a +0 buckler (worn)
 e - a +0 chain mail (worn)
 k - a +2 hat (worn)
 l - a +0 pair of gloves (worn)
Scrolls
 f - a scroll of immolation {unknown}
 h - 2 scrolls of vulnerability {unknown}
Potions
 d - a potion of might
 i - a potion of haste {unknown}
 j - a potion of brilliance {unknown}


   Skills:
 + Level 4.1 Fighting
 + Level 4.3 Polearms
 + Level 2.6 Armour
 + Level 3.7 Shields


You had 3 spell levels left.
You didn't know any spells.
Your spell library was empty.

Dungeon Overview and Level Annotations

Branches:
Dungeon (3/15)

Altars:
Kikubaaqudgha


Innate Abilities, Weirdness & Mutations

((You are quick and stealthy near water. (Stealth+, EV+, Speed+++)))
Your lower body shifts to a powerful aquatic tail in water.


Message History

The curare-tipped dart hits you.
You are poisoned.
You have difficulty breathing.
You feel yourself slow down.
A kobold comes into view.
It is wielding a +0 short sword and quivering poisoned darts.
Found a scroll labelled ACYOJOTIBB.
You feel sick.
The kobold shouts!
There is an open door here.
You feel sick.
You reach to attack!
You barely miss the kobold brigand.
You feel sick.
The kobold brigand throws a curare-tipped dart.
The curare-tipped dart hits you.
You are more poisoned.
You have difficulty breathing.
You feel as though you will be slow longer.
You reach to attack!
You closely miss the kobold brigand.
You feel very sick.
The kobold throws a poisoned dart.
The poisoned dart hits you.
You are lethally poisoned!
The kobold brigand hits you but does no damage.
You are too injured to fight recklessly!
You feel very sick. The kobold hits you but does no damage.
There is an open door here.
* * * LOW HITPOINT WARNING * * *
You feel very sick.
The kobold brigand throws a curare-tipped dart.
The curare-tipped dart hits you.
You are more poisoned.
You have difficulty breathing.
* * * LOW HITPOINT WARNING * * *
You feel as though you will be slow longer.
The kobold throws a poisoned dart.
The poisoned dart hits you!
You are more poisoned.
The kobold brigand throws a curare-tipped dart.
The curare-tipped dart closely misses you.
Okay, then.
It was a potion of berserk rage.
A red film seems to cover your vision as you go berserk!
You feel yourself moving faster!
You feel mighty!
You die...

#.########## ....... #.#
....... #.# ....... #.#
.......## ###†#
......?.# #...#######
........# #..[......##
........#####..........#
.......KK@.....##.##...#
........####....#.#....#
........# #..#.....#..#
........# #..##...##..#
######+## #....._.....#
#..##...##..#
#..#.....#..#
#....#.#....#
#...##.##..##


You could see a kobold brigand and a kobold.

Vanquished Creatures
  A gnoll (D:1)
  3 adders
  2 dart slugs (D:2)
  8 endoplasms
  3 giant cockroaches (D:1)
  A goblin (D:1)
  5 hobgoblins
  7 jackals
  4 quokkas
  4 ball pythons
  2 bats (D:1)
  6 frilled lizards
  3 kobolds (D:1)
  3 rats
52 creatures vanquished.

Vanquished Creatures (others)
  2 plants (D:2)
2 creatures vanquished.

Grand Total: 54 creatures vanquished

Notes
Turn   | Place    | Note
-------+----------+-------------------------------------------
     0 | D:1      | Umoon the Merfolk Fighter began the quest for the Orb.
     0 | D:1      | Reached XP level 1. HP: 18/18 MP: 1/1
   150 | D:1      | Reached XP level 2. HP: 24/24 MP: 2/2
   579 | D:1      | Reached XP level 3. HP: 22/30 MP: 3/3
   768 | D:1      | Found a faded altar of an unknown god.
  1644 | D:2      | Reached XP level 4. HP: 24/37 MP: 4/4
  2099 | D:3      | Found an ancient bone altar of Kikubaaqudgha.
  2141 | D:3      | Noticed a kobold brigand
  2147 | D:3      | HP: 1/37 [asphyx]
  2148 | D:3      | Succumbed to a kobold's poison

Illustrated notes

Levels and vault maps discovered:
D:1:      scummos_arrival_gate, layout_basic,
          shapermc_ecumenical_altar_mp_vishouse
D:2:      layout_rooms, serial_forest, infiniplex_forest_lined_3_way,
          infiniplex_forest_clump_cross, infiniplex_forest_lined_1,
          infiniplex_forest_zigzag_1, infiniplex_forest_clump_tiny,
          infiniplex_forest_corner_1, infiniplex_forest_straight_3,
          infiniplex_forest_lined_3_way, chequers_serial_rivers_small_a,
          minivault_4
D:3:      layout_basic, mainiacjoe_overflow_small_starburst,
          nicolae_qazlal_general_emergency, gup_sewer_entry_spiral

Skill      XL: |  1  2  3  4 |
---------------+-------------+-----
Polearms       | 4 |  4.3
Fighting       | 4 |  4.1
Armour         | |  2.6
Shields        | |  3.7

Action                   |  1- 3 |  4- 6 || total
-------------------------+-------+-------++-------
Melee: Trident           |   136 |    41 ||   177
  Use: Potion            |       |     1 ||     1
Armor: Scale mail        |    13 |       ||    13
       Chain mail        |    60 |    14 ||    74
Dodge: Dodged            |    52 |     8 ||    60
Block: Buckler           |    37 |     5 ||    42

Table legend: (Time is in decaauts)
 A = Elapsed time spent in this place.
 B = Non-inter-level travel time spent in this place.
 C = Inter-level travel time spent in this place.
 D = Time resting spent in this place.
 E = Time spent auto-exploring this place.
 F = Levels seen in this place.
 G = Mean time per level.
                   A        B        C        D        E       F      G
               +--------+--------+--------+--------+--------+-----+--------+
         Total |   2169 |   2139 |     30 |    568 |   1163 |   3 |  723.0 |
       Dungeon |   2169 |   2139 |     30 |    568 |   1163 |   3 |  723.0 |
               +--------+--------+--------+--------+--------+-----+--------+

Top non-repeatable levels by time:
     D:1: 1218 daAuts
     D:2: 738 daAuts
     D:3: 211 daAuts
